 Dungeon Crawl Stone Soup version 0.18-a0-46-g45ca8e4 (webtiles) character file.

9079 4thArraOfDagon the Spear-Bearer (level 11, -4/84 HPs)
             Began as a Human Fighter on Nov 6, 2015.
             Was a Believer of the Shining One (penitent).
             Shot with a bolt by an orc knight (9 damage)
             ... on level 4 of the Orcish Mines.
             The game lasted 00:34:38 (5790 turns).

4thArraOfDagon the Spear-Bearer (Human Fighter)     Turns: 5790, Time: 00:34:39

Health: -4/84      AC: 14    Str: 24    XL:     11   Next: 67%
Magic:  0/17       EV:  5    Int:  6    God:    the Shining One [*]
Gold:   1433       SH:  0    Dex: 16    Spells: 2 memorised, 12 levels left

rFire  . . .     SeeInvis .     x - +1 halberd
rCold  . . .     Clarity  .     y - +5 scale mail of the Lonely Wishes {Str+6 Int-5 Dex+4}
rNeg   + . .     SustAt   .     (shield currently unavailable)
rPois  .         Gourm    .     (no helmet)
rElec  .         Spirit   +     f - +0 cloak
rCorr  .         Warding  .     (no gloves)
rMut   .         Stasis   .     (no boots)
MR     .....                    h - amulet of guardian spirit
Stlth  ..........               (no ring)
                                (no ring)

@: not resistant to hostile enchantments, extremely unstealthy
A: no striking features
a: Renounce Religion


You were on level 4 of the Orcish Mines.
You worshipped the Shining One.
The Shining One was demanding penance.
You were hungry.

You visited 3 branches of the dungeon, and saw 19 of its levels.
You also visited: Sewer and Bailey.

You collected 1433 gold pieces.

Inventory:

Hand Weapons
 a - a +0 trident
 q - a +2 dagger of venom
 x - a +1 halberd (weapon)
 F - a +0 glaive
Missiles
 d - a throwing net (quivered)
 k - 86 stones
Armour
 c - a +0 shield
 f - a +0 cloak (worn)
 y - the +5 scale mail of the Lonely Wishes (worn) {Str+6 Int-5 Dex+4}
   (You found it on level 12 of the Dungeon)

   It affects your strength (+6).
   It affects your intelligence (-5).
   It affects your dexterity (+4).
 A - a +2 ice dragon armour
 G - a cursed +0 chain mail
Rods
 D - a +0 rod of destruction (13/13)
   (You found it on level 9 of the Dungeon)
Jewellery
 h - an amulet of guardian spirit (around neck)
Wands
 b - a wand of confusion (6)
 m - a wand of fire (2)
 t - a wand of lightning (0)
 I - a wand of fireball (12)
 J - a wand of draining (8)
 M - a wand of lightning (5)
Scrolls
 n - a scroll of remove curse
 r - 3 scrolls of enchant weapon
 u - a scroll of teleportation
 B - a scroll of amnesia
Potions
 i - a potion of flight
 s - a potion of degeneration
 z - 2 potions of berserk rage {unknown}
 E - a potion of mutation {unknown}
 H - a potion of might
 K - a potion of agility {unknown}
Books
 w - a book of Burglary

   Spells                             Type                      Level
   a - Swiftness                      Charms/Air                   2
   b - Passwall                       Transmutation/Earth          3
   c - Passage of Golubria            Translocation                4
   d - Lee's Rapid Deconstruction     Earth                        5
   e - Darkness                       Hexes                        6
   f - Invisibility                   Hexes                        6
Comestibles
 e - 7 bread rations
 j - 2 meat rations
 l - 6 fruits
 o - a chunk of flesh
 v - 8 slices of pizza
 C - 4 beef jerkies


   Skills:
 - Level 7.2 Fighting
 * Level 10.0 Polearms
 + Level 7.7 Armour
 - Level 3.0 Shields
 + Level 4.1 Spellcasting
 * Level 6.3 Translocations
 + Level 4.9 Invocations
 - Level 5.7 Evocations


You had 12 spell levels left.
You knew the following spells:

 Your Spells              Type           Power        Failure   Level  Hunger
a - Passage of Golubria   Tloc           N/A          65%         4    #####..
b - Swiftness             Chrm/Air       #.......     91%         2    ###....


Dungeon Overview and Level Annotations

Branches:
Dungeon (14/15)            Temple (1/1) D:5             Orc (4/4) D:12
    Elf (0/3) Orc:4
   Lair: D:8-11      Vaults: D:13-14

Altars:
Ashenzari
Cheibriados
Dithmenos
Elyvilon
Fedhas
Gozag
Kikubaaqudgha
Makhleb
Nemelex Xobeh
Okawaru
Qazlal
Ru
Trog
Vehumet
Xom
Yredelemnul
Zin
The Shining One

Annotations:
D:9 LAIR, Psyche
D:10 Erica, Fannar
D:12 Rupert
D:13 Maud


Message History

The puff of flame hits you!
* * * LOW HITPOINT WARNING * * *
Unknown command.
You are feeling hungry.
You slash the orc wizard!
You kill the orc wizard!
Unknown command.
Unknown command.
An orc knight comes into view. It is wielding a broad axe.
Things that are here:
a dagger; a robe Unknown command.
There is a stone staircase leading up, spattered with blood here.
You see here an arrow.
Unknown command.
The orc knight shouts!
The orc knight unwields an uncursed broad axe.
The orc knight wields an arbalest.
The orc knight shoots a bolt.
The bolt hits you!
You die...

.............#
.#..#.#.......#
#....##.......# #
..o.#........
...........#..# .
...........#####..
#...>.......##$...
.......#.†......
.......)@.......
.......)...#....
.#.###...### .
#...(. ##.....
.....## ##..###
#... ##.


You could see an orc knight.

Vanquished Creatures
  An ettin (Orc:3)
  3 orc knights (Bailey)
  2 trolls
  A human (D:9)
  2 wyverns
  8 wargs (Orc:3)
  2 wolves (Orc:3)
  Edmund (D:4)
  9 orc warriors
  4 vampire mosquitoes
  A necrophage (D:8)
  3 ice beasts
  6 ogres
  2 centaurs
  A crocodile (Sewer)
  A sky beast (D:6)
  2 big kobolds
  A wyvern zombie (D:11)
  6 giant frogs
  2 scorpions
  3 crimson imps
  A quasit (D:12)
  A giant frog zombie (D:11)
  6 orc priests
  2 hounds
  3 jellies
  17 orc wizards
  2 iguanas
  4 sheep (D:9)
  5 worker ants
  A worker ant zombie (D:6)
  8 adders
  4 gnolls (D:6)
  A shadow imp (D:10)
  An adder skeleton (D:9)
  2 worms (D:2)
  4 giant geckos
  110 orcs
  10 bats
  4 giant cockroaches
  5 goblins
  3 hobgoblins
  7 jackals
  A quokka (D:4)
  A giant gecko skeleton (D:6)
  2 giant newts
  15 kobolds
  A quokka zombie (D:8)
  2 rats
284 creatures vanquished.

Notes
Turn   | Place    | Note
--------------------------------------------------------------
     0 | D:1      | 4thArraOfDagon the Human Fighter began the quest for the Orb.
     0 | D:1      | Reached XP level 1. HP: 18/18 MP: 1/1
    85 | D:1      | Reached XP level 2. HP: 21/24 MP: 2/2
   243 | D:2      | Reached XP level 3. HP: 16/29 MP: 3/3
   436 | D:4      | Reached XP level 4. HP: 21/36 MP: 2/4
   446 | D:4      | Noticed Edmund
   627 | D:3      | Reached XP level 5. HP: 38/42 MP: 3/5
   689 | D:4      | Killed Edmund
   689 | D:4      | Reached skill level 4 in Fighting
   689 | D:4      | Reached skill level 1 in Evocations
   689 | D:4      | Reached XP level 6. HP: 33/48 MP: 4/7
   738 | D:4      | Found an ancient bone altar of Kikubaaqudgha.
   874 | D:5      | Entered Level 5 of the Dungeon
   880 | D:5      | Found a staircase to the Ecumenical Temple.
   901 | Temple   | Entered the Ecumenical Temple
   927 | Temple   | Became a worshipper of the Shining One
  1081 | D:6      | Reached XP level 7. HP: 51/55 MP: 8/8
  1100 | D:6      | Reached skill level 5 in Polearms
  1119 | D:6      | Learned a level 4 spell: Passage of Golubria
  1126 | D:6      | Learned a level 2 spell: Swiftness
  1279 | D:5      | Found a glowing drain.
  1323 | Sewer    | Entered a sewer
  1460 | D:5      | Noticed a yak
  1460 | D:5      | Noticed a yak
  1460 | D:5      | Noticed a yak
  1480 | D:6      | Reached * piety under the Shining One
  1480 | D:6      | Reached XP level 8. HP: 61/61 MP: 10/10
  1505 | D:6      | You fall through a shaft for 2 floors!
  1506 | D:8      | :/
  1529 | D:8      | Reached skill level 5 in Fighting
  1651 | D:8      | Reached skill level 6 in Polearms
  1675 | D:8      | Reached skill level 5 in Armour
  1797 | D:9      | Noticed Psyche
  1998 | D:8      | Reached skill level 7 in Polearms
  1998 | D:8      | Reached XP level 9. HP: 58/67 MP: 10/12
  2269 | D:9      | Identified a +0 rod of destruction (13/13) (You found it on level 9 of the Dungeon)
  2325 | D:10     | Entered Level 10 of the Dungeon
  2331 | D:10     | Reached skill level 1 in Invocations
  2661 | D:10     | Reached skill level 8 in Polearms
  2661 | D:10     | Reached skill level 5 in Evocations
  2722 | D:10     | Noticed Fannar
  2723 | D:10     | there you are
  2750 | D:10     | Noticed Erica
  2816 | D:10     | Noticed a troll
  2832 | D:11     | Reached ** piety under the Shining One
  2877 | D:11     | Noticed a hill giant
  2908 | D:10     | Killed a troll
  2956 | D:11     | Found a shadowy altar of Dithmenos.
  2980 | D:11     | Reached XP level 10. HP: 43/76 MP: 10/14
  3329 | D:12     | Noticed a hill giant
  3496 | D:14     | Reached skill level 9 in Polearms
  3500 | D:14     | Noticed an enchanted long sword
  3603 | D:12     | Noticed Rupert
  3614 | D:13     | Noticed Maud
  3798 | D:12     | Got a translucent scale mail
  3820 | D:12     | Identified the +5 scale mail of the Lonely Wishes {Str+6 Int-5 Dex+4} (You found it on level 12 of the Dungeon)
  3868 | D:12     | Found a staircase to the Orcish Mines.
  3872 | Orc:1    | Entered Level 1 of the Orcish Mines
  4013 | Orc:1    | no regen for ypou
  4029 | Orc:1    | Found a flagged portal.
  4039 | Bailey   | Entered a bailey
  4110 | Bailey   | Reached skill level 1 in Translocations
  4115 | Bailey   | Reached skill level 1 in Spellcasting
  4215 | Bailey   | Noticed an orc knight
  4304 | Bailey   | Noticed an orc knight
  4305 | Bailey   | Noticed an orc knight
  4405 | Bailey   | Killed an orc knight
  4408 | Bailey   | Killed an orc knight
  4408 | Bailey   | Reached XP level 11. HP: 83/83 MP: 15/15
  4459 | Bailey   | Got a pair of spiked boots
  4491 | Bailey   | Killed an orc knight
  4491 | Bailey   | Reached skill level 5 in Translocations
  4519 | Bailey   | Identified the cursed -5 pair of boots of an ice cave {*Corrode rC++ Dex+6} (You found it in a bailey)
  4519 | Bailey   | :)
  4546 | Bailey   | )
  4701 | Orc:1    | Reached *** piety under the Shining One
  5080 | Orc:3    | Noticed an ettin
  5082 | Orc:3    | Was placed under penance by the Shining One
  5086 | Orc:3    | Killed an ettin
  5659 | Orc:4    | Entered Level 4 of the Orcish Mines
  5660 | Orc:4    | ESCALATION
  5719 | Orc:4    | Found a staircase to the Elven Halls.
  5780 | Orc:4    | HP: 2/84 [orc warrior/long sword (13)]
  5783 | Orc:4    | Reached skill level 10 in Polearms
  5786 | Orc:4    | HP: 4/84 [orc wizard/puff of flame (6)]
  5789 | Orc:4    | Noticed an orc knight
  5790 | Orc:4    | Shot with a bolt by an orc knight

Vault maps used:
D:1:      eino_arrival_water_star, minmay_bisected
D:2:      first_bread
D:4:      lemuel_doored_altar, uniq_sigmund, uniq_edmund
D:5:      minmay_temple_entry_statues_pillars, gup_sewer_entry_glass,
          basic_altar, minmay_misc_feat_room, nemelex_lonely_heart_becter
D:6:      nicolae_gozag_cash_rules_everything_around_me, uniq_blork_the_orc
D:7:      uniq_crazy_yiuf_cottage, uniq_pikel, uniq_duvessa
D:9:      erik_lair_dragon, grunt_livestock, uniq_psyche
D:10:     uniq_fannar, uniq_erica, uniq_grum
D:11:     basic_altar
D:12:     orc_0_dummy, uniq_kirke, uniq_rupert
D:13:     uniq_maurice, uniq_maud, uniq_erolcha
D:14:     erik_vaults_1, hangedman_abyss_or_decor_clamps
Temple:   grunt_circular_temple_18
Orc:1:    enter_bailey_2
Orc:3:    nicolae_orc_pool_cavern, mines5_lemuel
Orc:4:    st_orc_rangers
Sewer:    sewer_big_baddie
Bailey:   bailey_polearm_1, bailey

Action                   |  1- 3 |  4- 6 |  7- 9 | 10-12 || total
-------------------------+-------+-------+-------+-------++-------
Melee: Trident           |    61 |    38 |    31 |       ||   130
       Dagger            |       |    36 |       |       ||    36
       Halberd           |       |       |   282 |   457 ||   739
Throw: Stone             |     2 |       |       |       ||     2
Invok: Divine Shield     |       |       |       |     1 ||     1
Evoke: Wand              |       |    11 |     4 |    22 ||    37
       Rod               |       |       |       |     3 ||     3
  Use: Potion            |     1 |       |       |     5 ||     6
       Scroll            |       |     6 |     8 |     9 ||    23
 Stab: Confused          |       |     2 |     1 |       ||     3
  Eat: Chunk             |       |     1 |     2 |    10 ||    13
       Bread ration      |       |       |     1 |       ||     1
       Beef jerky        |       |       |       |     1 ||     1
